 Dungeon Crawl Stone Soup version 0.28.0-53-g5a82cb258f (webtiles) character file.

Game seed: 2208091392018259540

1402 Gabide the Fighter (level 8, -2/68 HPs)
             Began as a Mummy Berserker on June 20, 2022.
             Was a Priest of Trog.
             Slain by an ogre
             ... wielding a +0 giant spiked club
              (21 damage)
             ... on level 5 of the Dungeon.
             The game lasted 00:08:23 (7552 turns).

Gabide the Fighter (Mummy Berserker)                Turns: 7552, Time: 00:08:24

Health: -2/68      AC: 11    Str: 23    XL:     8   Next: 42%
Magic:  17/17      EV: 11    Int:  6    God:    Trog [***...]
Gold:   221        SH:  0    Dex: 11    Spells: 7/7 levels left

rFire   x . .      SeeInvis .     - Unarmed
rCold   + . .      Faith    .   (no shield)
rNeg    + + +      Spirit   .   d - +3 ring mail
rPois   ∞          Reflect  .   (no helmet)
rElec   .          Harm     .   f - +2 cloak
rCorr   .          Rampage  .   (no gloves)
Will    +....                   (no boots)
Stlth   +.........              (no amulet)
HPRegen 0.21/turn               c - ring of magical power
MPRegen 0.15/turn               (no ring)

@: no status effects
A: cold resistance 1, negative energy resistance 3, torment resistance 2, heat
vulnerability 1, no potions
a: Renounce Religion, Trog's Hand


You were on level 5 of the Dungeon.
You worshipped Trog.
Trog was most pleased with you.
You visited 1 branch of the dungeon, and saw 6 of its levels.

You collected 257 gold pieces.
You spent 36 gold pieces at shops.

Inventory:

Missiles
 m - 3 boomerangs (quivered)
Armour
 d - a +3 ring mail (worn)
 f - a +2 cloak (worn)
 q - the +1 robe of the Quahog {rPois rC+++ Dex-5 Stlth+}
   (You found it on level 5 of the Dungeon)

   Dex:       It affects your dexterity (-5).
   rC:        It renders you almost immune to cold.
   rPois:     It protects you from poison.
   Stlth:     It makes you more stealthy.
Jewellery
 c - a ring of magical power (left hand)
 o - a ring of flight
Wands
 j - a wand of flame (17)
Scrolls
 a - a scroll of summoning
 b - a scroll of holy word
 g - a scroll of magic mapping {unknown}
 i - a scroll of vulnerability {unknown}
 k - 3 scrolls of teleportation
 l - a scroll of brand weapon {unknown}
 n - a scroll of enchant weapon {unknown}
 p - a scroll of blinking {unknown}


   Skills:
 + Level 8.0 Fighting
 - Level 1.5 Armour
 - Level 1.5 Dodging
 + Level 6.6 Unarmed Combat


You had 7 spell levels left.
You didn't know any spells.
Your spell library was empty.

Dungeon Overview and Level Annotations

Branches:
Dungeon (6/15)             Temple (0/1) D:6

Altars:
Cheibriados
Gozag
Nemelex Xobeh
Trog

Shops:
D:4 !((!*

Annotations:
D:3 3 runed translucent doors, Gabide's ghost, weakling BaDe; kalagan's ghost, amateur DECj


Innate Abilities, Weirdness & Mutations

You are immune to poison.
Your flesh is cold resistant. (rC+)
You are immune to negative energy. (rN+++)
You are immune to unholy pain and torment.
You are vulnerable to heat. (rF-)
You do not drink.


Message History

The ogre hits you with a +0 giant spiked club!!
You are too injured to fight recklessly!
You are too injured to fight recklessly!
You are too injured to fight recklessly!
You are too injured to fight recklessly!
You are too injured to fight recklessly!
You are too injured to fight recklessly!
You are too injured to fight recklessly!
You are too injured to fight recklessly!
You are too injured to fight recklessly!
You are too injured to fight recklessly!
You are too injured to fight recklessly!
You are too injured to fight recklessly!
You are too injured to fight recklessly!
You are too injured to fight recklessly!
You are too injured to fight recklessly!
You are too injured to fight recklessly!
You are too injured to fight recklessly!
You are too injured to fight recklessly!
You are too injured to fight recklessly!
You are too injured to fight recklessly!
You are too injured to fight recklessly!
You hit the ogre but do no damage.
The ogre is heavily wounded.
The ogre barely misses you.
You hit the ogre but do no damage.
The ogre is heavily wounded.
You hit the ogre.
The ogre is severely wounded.
The ogre barely misses you.
You hit the ogre.
The ogre is severely wounded.
The ogre hits you with a +0 giant spiked club!
* * * LOW HITPOINT WARNING * * *
There is a stone staircase leading up here.
The ogre barely misses you.
You climb upwards.
There is a stone staircase leading down here.
The ogre hits you with a +0 giant spiked club!!
You die...

##....................
#................####.
#.....................
#...........#####.....
#............## #.....
#.............#######.
#..............#######
#.....O...§...........
#....@§§..≈._..#######
#.....≈≈..≈....# #....
##'#.§≈§..≈≈§≈.# #.###
#.#..≈§.......###.#..
#.#.§§§........##.#.#
#.#..≈≈≈≈≈≈§...##.#.#
#.#..≈≈≈≈≈≈≈...##'#.#
#.#..................
#.#.................#


You could see an ogre.

Vanquished Creatures
  A water moccasin (D:5)
  An ice beast (D:5)
  A sky beast (D:6)
  A black bear (D:3)
  An ogre (D:5)
  A necrophage (D:5)
  6 scorpions
  A howler monkey (D:4)
  A bullfrog zombie (D:5)
  A hound (D:5)
  An iguana (D:5)
  3 orc wizards (D:3)
  2 hound skeletons
  13 gnolls
  5 adders
  A white imp (D:6)
  An ufetubus (D:5)
  4 worms
  A dart slug (D:4)
  9 orcs
  5 endoplasms
  A giant cockroach (D:1)
  4 goblins
  9 hobgoblins
  2 jackals (D:3)
  3 quokkas
  8 ball pythons
  5 bats
  5 frilled lizards
  7 kobolds
  9 rats
113 creatures vanquished.

Vanquished Creatures (others)
  6 withered plants (D:3)
6 creatures vanquished.

Grand Total: 119 creatures vanquished

Notes
Turn   | Place    | Note
-------+----------+-------------------------------------------
     0 | D:1      | Gabide the Mummy Berserker began the quest for the Orb.
     0 | D:1      | Reached XP level 1. HP: 18/18 MP: 1/1
   344 | D:1      | Reached XP level 2. HP: 24/24 MP: 2/2
   838 | D:1      | Found a faded altar of an unknown god.
  1290 | D:2      | Reached ** piety under Trog
  1336 | D:2      | Reached XP level 3. HP: 21/30 MP: 3/3
  2541 | D:2      | Reached skill level 4 in Fighting
  2734 | D:3      | Found a snail-covered altar of Cheibriados.
  2989 | D:3      | Reached XP level 4. HP: 31/37 MP: 4/4
  3036 | D:3      | Found a runed translucent gate.
  3036 | D:3      | Found a runed translucent gate.
  3036 | D:3      | Found a runed translucent gate.
  3037 | D:3      | Noticed Gabide's ghost (weakling BaDe)
  3038 | D:3      | Noticed kalagan's ghost (amateur DECj)
  3693 | D:4      | Noticed a black bear
  3720 | D:3      | Killed a black bear
  3721 | D:3      | Reached XP level 5. HP: 19/43 MP: 5/5
  4189 | D:3      | Reached skill level 5 in Fighting
  4454 | D:3      | Reached XP level 6. HP: 43/51 MP: 6/6
  4879 | D:4      | Found Teast's Distillery.
  4938 | D:4      | Found Wemime's Weapon Shoppe.
  5049 | D:4      | Found Daprycw's General Store.
  5065 | D:4      | Bought 5 atropa-tipped darts for 36 gold pieces
  5150 | D:4      | Found Xisauch's Distillery.
  5182 | D:4      | Found Zeysh's Weapon Shop.
  5259 | D:4      | Found a bloodstained altar of Trog.
  5682 | D:5      | Entered Level 5 of the Dungeon
  5919 | D:5      | Reached skill level 6 in Fighting
  5926 | D:5      | Reached skill level 5 in Unarmed Combat
  5926 | D:5      | Reached XP level 7. HP: 56/58 MP: 7/7
  5945 | D:5      | Reached *** piety under Trog
  6228 | D:5      | Reached skill level 7 in Fighting
  6273 | D:5      | Found an opulent altar of Gozag.
  6289 | D:5      | Reached XP level 8. HP: 52/67 MP: 8/8
  6489 | D:5      | Identified the +1 robe of the Quahog {rPois rC+++ Dex-5
                  | Stlth+}
  6575 | D:5      | Found a sparkling altar of Nemelex Xobeh.
  7480 | D:6      | Found a staircase to the Ecumenical Temple.
  7523 | D:6      | Reached skill level 8 in Fighting
  7552 | D:5      | Slain by an ogre

Illustrated notes

Levels and vault maps discovered:
D:1:      lightli_arrival_quake, layout_loops_cross,
          shapermc_ecumenical_altar_ellora
D:2:      layout_loops_ring, minmay_pentomino_q4
D:3:      layout_loops_corners, slow_altar_2, gammafunk_ghost_cemetery
D:4:      layout_loops_ring, mainiacjoe_overflow_alcove_4, serial_shops,
          shop_statue, nicolae_shop_trees, nicolae_shop_advertising_works
          [nicolae_subvault_shop_adworks], shop_statue, shop,
          roderic_serpentine_path
D:5:      layout_basic, mainiacjoe_overflow_chevrons,
          mainiacjoe_overflow_alcove_1, minmay_fractal_squares_5
D:6:      layout_basic, minmay_temple_entry_purple_smoke,
          hangedman_decor_riveting

Skill      XL: |  1  2  3  4  5  6  7  8 |
---------------+-------------------------+-----
Unarmed Combat | 3 4 5 6 |  6.6
Fighting       | 4 5 6 7 8 |  8.0
Armour         | |  1.5
Dodging        | |  1.5

Action                   |  1- 3 |  4- 6 |  7- 9 || total
-------------------------+-------+-------+-------++-------
Melee: Unarmed           |   189 |   258 |   165 ||   612
       Punch             |     2 |     8 |     6 ||    16
Throw: Boomerang         |       |     6 |     9 ||    15
       Dart              |       |       |    10 ||    10
Invok: Trog's Hand       |       |     3 |       ||     3
  Use: Scroll            |     1 |     6 |     2 ||     9
Armor: Animal skin       |    23 |       |       ||    23
       Ring mail         |    23 |   114 |    64 ||   201
Dodge: Dodged            |   103 |   152 |    78 ||   333
